 Dungeon Crawl Stone Soup version 0.21-a0-186-g02e8684 (webtiles) character file.

85 FrankyJ the Skirmisher (level 4, -15/37 HPs)
             Began as a Demonspawn Abyssal Knight on Aug 13, 2017.
             Was a Believer of Lugonu.
             Demolished by an ogre
             ... wielding a +0 giant club
              (17 damage)
             ... on level 4 of the Dungeon.
             The game lasted 00:03:29 (1001 turns).

FrankyJ the Skirmisher (Demonspawn Abyssal Knight)  Turns: 1001, Time: 00:03:30

Health: -15/37     AC: 10    Str: 13    XL:     4   Next: 25%
Magic:  6/6        EV: 12    Int: 14    God:    Lugonu [**....]
Gold:   113        SH:  0    Dex: 12    Spells: 3/3 levels left

rFire    . . .     SeeInvis .   a - +1 spear
rCold    . . .     Gourm    .   (no shield)
rNeg     . . .     Faith    .   b - +0 leather armour
rPois    .         Spirit   .   (no helmet)
rElec    .         Reflect  .   (no cloak)
rCorr    .         Harm     .   (no gloves)
MR       .....                  s - +0 pair of boots
Stlth    +.........             (no amulet)
HPRegen  0.12/turn              (no ring)
MPRegen  0.10/turn              (no ring)

@: sanguine armour
A: spiny 1, sanguine armour 1
a: Depart the Abyss, Bend Space, Renounce Religion


You were on level 4 of the Dungeon.
You worshipped Lugonu.
Lugonu was pleased with you.
You were not hungry.

You visited 1 branch of the dungeon, and saw 3 of its levels.
You visited the Abyss 1 time.

You collected 113 gold pieces.

Inventory:

Hand Weapons
 a - a +1 spear (weapon)
Missiles
 h - 3 tomahawks (quivered)
Armour
 b - a +0 leather armour (worn)
 l - a +0 ring mail
 s - a +0 pair of boots (worn)
Jewellery
 r - an uncursed ring of protection from cold {unknown}
Scrolls
 d - 2 scrolls of enchant armour {unknown}
 e - 4 scrolls of identify {unknown}
 i - a scroll of enchant weapon {unknown}
 m - 2 scrolls of teleportation {unknown}
 n - 3 scrolls of remove curse {unknown}
 p - a scroll of blinking {unknown}
Potions
 j - a potion of flight {unknown}
 k - a potion of mutation {unknown}
 o - 2 potions of curing {unknown}
Comestibles
 c - 3 bread rations
 f - 10 chunks of flesh
 g - 3 royal jellies
 q - a meat ration


   Skills:
 + Level 3.8 Fighting
 - Level 2.0 Polearms
 - Level 2.0 Armour
 + Level 1.9 Dodging
 + Level 3.7 Invocations


You had 3 spell levels left.
You didn't know any spells.

Dungeon Overview and Level Annotations

Branches:
Dungeon (2/15)

Altars:


Innate Abilities, Weirdness & Mutations

You are partially covered in sharp spines.
When seriously injured, your bleeding wounds create armour. (AC +6)


Message History

You hit the centaur zombie.
You destroy the centaur zombie!
Lugonu accepts your kill.
You have reached level 4!
You feel clever. The ogre barely misses you.
Your leather armour prevents you from hitting the ogre.
The ogre is lightly wounded.
You hit the ogre.
The ogre is moderately wounded.
The ogre is struck by your spines. The ogre hits you with a giant club!!
Ouch! That really hurt!
* * * LOW HITPOINT WARNING * * *
You hit the ogre but do no damage.
The ogre is moderately wounded.
The ogre completely misses you.
You hit the ogre.
The ogre is heavily wounded.
The ogre is struck by your spines. The ogre hits you with a giant club!
You die...

.. #########
....###........
......O........
#@.......
#########


You could see an ogre.

Vanquished Creatures
  A centaur zombie (D:4)
  An adder (D:2)
  An ooze (D:1)
  A dart slug (D:1)
  3 leopard geckos (D:1)
  A ball python (D:1)
  A giant cockroach (D:1)
  8 goblins
  3 hobgoblins (D:1)
  2 bats
  2 frilled lizards
  6 kobolds
  5 rats
35 creatures vanquished.

Notes
Turn   | Place    | Note
-------+----------+-------------------------------------------
     0 | Abyss:1  | FrankyJ the Demonspawn Abyssal Knight began the quest for the Orb.
     0 | Abyss:1  | Reached XP level 1. HP: 18/18 MP: 2/2
    18 | D:1      | Escaped the Abyss
   125 | D:1      | Gained mutation: You are partially covered in sharp spines. [demonic ancestry]
   125 | D:1      | Reached XP level 2. HP: 21/24 MP: 3/3
   475 | D:1      | Reached skill level 1 in Dodging
   626 | D:1      | Gained mutation: When seriously injured, your bleeding wounds create armour. (AC +6) [demonic ancestry]
   626 | D:1      | Reached XP level 3. HP: 27/29 MP: 4/4
   750 | D:2      | Reached ** piety under Lugonu
   988 | D:2      | You fall through a shaft for 2 floors!
   988 | D:4      | Noticed an ogre
   997 | D:4      | Reached XP level 4. HP: 21/37 MP: 6/6
  1001 | D:4      | Demolished by an ogre

Vault maps used:
D:1:      nicolae_arrival_memento_mori
D:2:      first_bread

Skill      XL: |  1  2  3 |
---------------+----------+-----
Polearms       | 2 |  2.0
Armour         | 2 |  2.0
Dodging        | 1 |  1.9
Invocations    | 3 |  3.7
Fighting       | |  3.8

Action                   |  1- 3 |  4- 6 || total
-------------------------+-------+-------++-------
Melee: Spear             |    88 |     4 ||    92
 Stab: Sleeping          |     1 |       ||     1
Armor: Leather armour    |    13 |       ||    13
Dodge: Dodged            |    27 |     2 ||    29
